 Dungeon Crawl Stone Soup version 0.25-a0-598-gc9c9e4cfe1 (webtiles) character file.

Game seed: 4101923423727494069, levelgen mode: deterministic

94214 Esekla the Nimble (level 15, -1/70 HPs)
             Began as a Spriggan Artificer on Mar 15, 2020.
             Was an Initiate of Gozag.
             Slain by a shambling mangrove (10 damage)
             ... on level 1 of the Swamp.
             The game lasted 06:28:41 (36657 turns).

Esekla the Nimble (Spriggan Artificer)             Turns: 36657, Time: 06:28:43

Health: -1/70      AC: 20    Str: 11    XL:     15   Next: 62%
Magic:  7/33       EV: 29    Int: 19    God:    Gozag
Gold:   1486       SH: 16    Dex: 18    Spells: 3/40 levels left

rFire    + . .     SeeInvis +   i - +8 quick blade
rCold    . . .     Gourm    .   u - +3 buckler {AC+3}
rNeg     . . .     Faith    .   X - +4 troll leather armour {Snorg}
rPois    .         Spirit   .   d - +2 hat {Int+3}
rElec    .         Reflect  +   (no cloak)
rCorr    .         Harm     .   (gloves unavailable)
MR       ++...                  (boots unavailable)
Stlth    ++++......             t - amulet "Jelukuv" {Reflect +Blink rF+ Int-4 SH+2}
HPRegen  0.61/turn              O - +3 ring of evasion
MPRegen  0.23/turn              b - ring "Zeir Zuh" {+Blink Str+3}

@: icy armour, grasped by roots, gold aura, very slightly contaminated,
constricted, very quick
A: very small, unfitting armour, antennae 1, talons 1, large bone plates 1, see
invisible, clever 1, herbivore, speed 3, sense surroundings 1, slow metabolism 2
a: Potion Petition, Call Merchant, Bribe Branch, Renounce Religion, Evoke Blink


You were on level 1 of the Swamp.
You worshipped Gozag.
Gozag was most pleased with you.
You were hungry.

You visited 5 branches of the dungeon, and saw 25 of its levels.
You also visited: Ossuary and Gauntlet.

You collected 8130 gold pieces.
You spent 2971 gold pieces at shops.
You paid 3673 gold pieces to Gozag.

Inventory:

Hand Weapons
 e - a +2 demon blade of electrocution
 f - a +3 scimitar of flaming
 h - a +1 dagger of holy wrath
 i - a +8 quick blade (weapon)
 q - a +4 scimitar
 s - a +1 trident of venom
 v - a +5 dagger of venom
 P - a +2 dagger of electrocution
Missiles
 B - 6 silver boomerangs (quivered)
 Z - 56 poisoned darts
Armour
 d - a +2 hat of intelligence (worn)
 u - a +3 buckler of protection (worn)
 H - a +2 robe of cold resistance
 X - a +4 troll leather armour (worn) {Snorg}
Jewellery
 b - the ring "Zeir Zuh" (right hand) {+Blink Str+3}
   (You bought it in a shop on level 1 of the Dungeon)

   [ring of strength]

   It affects your strength (+3).
   It lets you blink.
 k - an uncursed amulet of guardian spirit
 n - a +5 ring of intelligence
 t - the amulet "Jelukuv" (around neck) {Reflect +Blink rF+ Int-4 SH+2}
   (You found it in a Gauntlet)

   [amulet of reflection]

   It shields you and reflects attacks.
   It affects your intelligence (-4).
   It protects you from fire.
   It lets you blink.
   It affects your SH (+2).
 C - an uncursed ring of ice
 G - an uncursed ring of stealth
 O - a +3 ring of evasion (left hand)
 Q - an uncursed ring of protection from cold
Wands
 c - a wand of flame (62)
 m - a wand of clouds (6)
 K - a wand of acid (10)
 U - a wand of iceblast (19)
 W - a wand of paralysis (16)
Scrolls
 g - 2 scrolls of blinking
 j - 9 scrolls of identify
 x - 5 scrolls of fog
 y - a scroll of silence
 z - 10 scrolls of teleportation
 F - 2 scrolls of fear
 V - 14 scrolls of remove curse
Potions
 a - 4 potions of flight
 l - 3 potions of stabbing
 o - a potion of degeneration
 p - 4 potions of curing
 r - 5 potions of haste
 w - a potion of berserk rage
 A - 5 potions of ambrosia
 J - 4 potions of resistance
 L - 8 potions of might
 N - 3 potions of invisibility
 R - 3 potions of brilliance
 S - a potion of heal wounds
 T - 2 potions of cancellation
Miscellaneous
 D - a lightning rod (4/4)
 M - a crystal ball of energy
Comestibles
 Y - 19 rations


   Skills:
 - Level 4.2 Fighting
 + Level 12.7(13.3) Short Blades
 + Level 5.0(8.2) Long Blades
 - Level 3.1 Throwing
 + Level 5.0 Armour
 + Level 14.2 Dodging
 - Level 9.5 Stealth
 + Level 4.2 Shields
 * Level 13.1 Spellcasting
 * Level 4.3 Conjurations
 + Level 2.6 Hexes
 + Level 3.0 Charms
 * Level 3.4 Summonings
 + Level 8.1 Necromancy
 - Level 4.8 Translocations
 * Level 4.5 Fire Magic
 * Level 4.2 Ice Magic
 * Level 4.6 Air Magic
 * Level 4.8 Poison Magic
 + Level 4.3 Evocations


You had 3 spell levels left.
You knew the following spells:

 Your Spells              Type           Power        Failure   Level  Hunger
a - Apportation           Tloc           ####..       1%          1    None
b - Sublimation of Blood  Necr           #####.....   1%          2    None
c - Mephitic Cloud        Conj/Pois/Air  ####....     3%          3    None
f - Conjure Flame         Conj/Fire      ####....     4%          3    None
g - Shroud of Golubria    Chrm/Tloc      ####..       2%          2    None
l - Summon Lightning Spi  Summ/Air       ####....     16%         4    None
s - Song of Slaying       Chrm           ###.....     3%          2    None
u - Dispel Undead         Necr           #####...     3%          4    None
v - Poisonous Vapours     Pois/Air       ####..       1%          2    None
w - Spectral Weapon       Hex/Chrm       ###.....     8%          3    None
x - Olgreb's Toxic Radia  Pois           ####....     11%         4    None
y - Sticky Flame          Conj/Fire      ####....     14%         4    None
z - Ozocubu's Armour      Chrm/Ice       ####....     6%          3    None

Your spell library contained the following spells:

 Spells                   Type           Power        Failure   Level  Hunger
 Animate Skeleton         Necr           N/A          1%          1    None
 Foxfire                  Conj/Fire      ####         1%          1    None
 Magic Dart               Conj           ####         1%          1    None
 Summon Small Mammal      Summ           ####         1%          1    None
 Blink                    Tloc           N/A          1%          2    None
 Corpse Rot               Necr/Air       N/A          1%          2    None
 Corona                   Hex            ###....      2%          1    None
 Infusion                 Chrm           ###.         2%          1    None
 Sting                    Tmut/Pois      ###.         3%          1    None
 Call Imp                 Summ           ####....     3%          2    None
 Ensorcelled Hibernation  Hex/Ice        ####..       3%          2    None
 Gell's Gravitas          Tloc           ####......   3%          3    None
 Lesser Beckoning         Tloc           ####......   3%          3    None
 Slow                     Hex            ###.....     4%          2    None
 Portal Projectile        Hex/Tloc       ####..       5%          3    None
 Dazzling Flash           Conj/Hex       ####..       6%          3    None
 Inner Flame              Hex/Fire       ####....     6%          3    None
 Ignite Poison            Fire/Tmut/Pois ###.....     7%          3    None
 Confusing Touch          Hex            ###.....     9%          3    None
 Spider Form              Tmut/Pois      ###.......   10%         3    None
 Stone Arrow              Conj/Erth      ###...       11%         3    None
 Agony                    Necr           #####...     9%          5    ####...
 Fulminant Prism          Conj/Hex       ####......   21%         4    None
 Excruciating Wounds      Chrm/Necr      ####......   24%         5    ####...
 Fireball                 Conj/Fire      ####......   36%         5    ####...
 Summon Forest            Summ/Tloc      ####......   41%         5    ####...
 Iskenderun's Battlesphe  Conj/Chrm      ####....     45%         5    ####...
 Bolt of Magma            Conj/Fire/Erth ###.......   56%         5    ####...
 Dispersal                Tloc           ####......   87%         6    #####..
 Eringya's Noxious Bog    Tmut/Pois      ###.......   99%         6    #####..
 Iron Shot                Conj/Erth      ###.......   99%         6    #####..
 Hydra Form               Tmut           ##........   100%        6    #####..
 Orb of Destruction       Conj           ####......   100%        7    #######
 Ring of Flames           Chrm/Fire      ####......   100%        7    #######
 Spellforged Servitor     Conj/Summ      ####......   100%        7    #######
 Summon Hydra             Summ           ####......   100%        7    #######
 Controlled Blink         Tloc           N/A          100%        8    #######
 Disjunction              Tloc           ####......   100%        8    #######


Dungeon Overview and Level Annotations

Branches:
Dungeon (15/15)            Temple (1/1) D:5            Lair (6/6) D:10
  Swamp (1/4) Lair:2       Spider (0/4) Lair:3        Slime (0/5) Lair:5
    Orc (2/2) D:9             Elf (0/3) Orc:2        Vaults (0/5) D:13
 Depths (0/5) D:15        Ossuary (visited)         Gauntlet (visited)

Altars:
Ashenzari
Cheibriados
Dithmenos
Elyvilon
Fedhas
Gozag
Hepliaklqana
Kikubaaqudgha
Makhleb
Nemelex Xobeh
Okawaru
Qazlal
Ru
Sif Muna
Trog
Uskayaw
Vehumet
Wu Jian
Xom
Yredelemnul
Zin
The Shining One
Jiyva

Shops:
D:1 **(*   D:5 *   D:12 !   D:14 =   Orc:2 :[([

Portals:
Trove: D:15 (give 8 potions of stabbing)

Annotations:
Lair:4 exclusion: 2 oklob plants


Innate Abilities, Weirdness & Mutations

You are very small and have problems with some larger weapons.
You are too small for most types of armour.
You have supernaturally acute eyesight. (SInv)
You are a herbivore.
You cover ground extremely quickly.
You need to consume almost no food.
You have a pair of small antennae on your head.
You have sharp toenails.
You are partially covered in large bone plates. (SH +4)
Your mind is acute. (Int +2)
You passively map a small area around you.


Message History

Aim: a shambling mangrove You miscast Sticky Flame.
The air around you burns with energy!
The shambling mangrove burns!
The shambling mangrove completely misses you.
You block the shambling mangrove's attack.
The grasping roots constrict you! The spriggan rider closely misses you.
Casting: Sticky Flame (safe; 14% risk of failure)
Confirm with . or Enter, or press ? or * to list all spells.
Aiming: Sticky Flame (safe; 14% risk of failure)
Press: ? - help, Shift-Dir - straight line, f/p - shambling mangrove
Aim: a shambling mangrove The sticky flame hits the shambling mangrove but does no damage.
The shambling mangrove is covered in liquid flames!
The shambling mangrove burns! x2
You kill the spriggan!
The shambling mangrove hits you!!
* * * LOW HITPOINT WARNING * * *
The shambling mangrove completely misses you.
You die...
Your body crumbles into a pile of gold.

≈≈ ♣≈.≈≈♣ ≈≈, *♣.≈≈♣
.≈,≈ ♣≈≈.♣♣ ≈≈≈≈,
♣♣≈..♣ ≈.≈♣. ♣..≈♣
♣♣♣ ≈≈...♣ ♣.♣≈♣
♣♣.♣♣
f≈♣...♣♣♣...♣♣♣§≈.♣
.≈≈.....♣.f..♣≈≈≈.♣♣
.≈.≈.≈♣≈.♣@≈.......♣
*
≈≈.≈≈≈.≈yf.≈≈≈≈♣♣♣♣.♣
..≈....≈....≈..♣ ♣♣
♣≈≈...≈≈..≈≈≈.♣♣
≈..≈≈≈≈♣≈≈≈≈..≈♣
*≈≈.≈≈≈≈♣>≈≈....♣♣ *
≈≈.≈♣≈≈.≈≈≈...♣♣
*≈.≈≈..≈≈.≈≈....♣
.≈≈§≈♣♣♣≈≈≈...≈.≈♣


You could see 2 shambling mangroves and a hornet.

Vanquished Creatures
  Gastronok (Lair:2)
  Kirke (Lair:5)
  An orc warlord (Orc:1)
  An entropy weaver (Gauntlet)
  A minotaur (Gauntlet)
  Snorg (D:11)
  2 fire dragons
  Harold (D:7)
  2 catoblepae
  5 hydras
  4 centaur warriors
  2 alligators
  7 two-headed ogres
  A death yak (Lair:4)
  5 orc high priests (Orc:2)
  2 ogre magi
  Urug (Lair:2)
  Nergalle (Lair:2)
  4 skeletal warriors (D:14)
  A wizard (D:15)
  A swamp dragon (Lair:6)
  A harpy (shapeshifter) (D:13)
  9 orc knights
  2 orc sorcerers
  2 deep elf magi (D:15)
  3 cyclopes
  16 ugly things
  5 elephants (Lair:5)
  5 black mambas
  13 spiny frogs
  Psyche (D:9)
  A naga mage (D:15)
  Joseph (D:9)
  4 rime drakes
  An efreet (D:12)
  A freezing wraith (D:12)
  11 komodo dragons
  A guardian mummy (D:15)
  A meliai (shapeshifter) (D:13)
  7 trolls
  A jumping spider (Gauntlet)
  Grinder (D:4)
  3 polar bears
  A tyrant leech (Lair:2)
  4 hornets
  3 slime creatures (Lair:4)
  7 dream sheep
  6 blink frogs
  8 hippogriffs
  2 shadows
  A spriggan (Swamp:1)
  5 wyverns
  A yak (shapeshifter) (D:13)
  31 yaks
  4 basilisks
  3 hogs (Lair:6)
  A neqoxec (Gauntlet)
  A golden eye (shapeshifter) (D:14)
  A steam dragon (D:11)
  2 chaos spawn (Gauntlet)
  Menkaure (D:4)
  5 vampire mosquitoes
  9 swamp worms
  5 wargs
  4 acid dragons
  13 water moccasins
  5 porcupines
  40 orc warriors
  4 swamp drakes
  5 black bears
  A sky beast (shapeshifter) (D:15)
  A hornet zombie (D:13)
  A necrophage (D:4)
  5 ice beasts
  4 sky beasts
  2 eyes of draining
  16 ogres
  5 phantoms
  16 wolves
  4 crocodiles
  7 centaurs
  An elf zombie (Ossuary)
  A big kobold (D:10)
  17 bullfrogs
  A water moccasin zombie (D:11)
  A wyvern zombie (D:9)
  6 scorpions
  A water moccasin skeleton (D:8)
  3 killer bees (D:12)
  11 wights
  3 howler monkeys
  10 crimson imps
  4 centaur zombies
  9 hounds
  A human zombie (Ossuary)
  5 centaur skeletons
  3 bullfrog skeletons
  28 orc priests
  7 jellies
  25 orc wizards
  6 iguanas
  8 worker ants
  A killer bee zombie (D:8)
  2 big kobold zombies (Ossuary)
  2 hound skeletons
  4 mummies (Ossuary)
  A worker ant zombie (D:8)
  16 adders
  2 shadow imps
  An adder skeleton (D:9)
  An adder zombie (Ossuary)
  6 worms
  A dart slug (D:3)
  4 leopard geckos
  93 orcs
  7 bats
  9 giant cockroaches
  A gnoll zombie (Ossuary)
  9 goblins
  2 hobgoblins (D:1)
  5 jackals
  5 quokkas
  4 ball pythons
  A ball python zombie (D:4)
  9 frilled lizards
  3 goblin zombies
  2 hobgoblin zombies (Ossuary)
  A jackal zombie (Ossuary)
  8 kobolds
  An orc zombie (Ossuary)
  A quokka zombie (D:5)
  10 rats
732 creatures vanquished.

Vanquished Creatures (collateral kills)
  A skeletal warrior (D:14)
  2 ugly things (D:15)
  A spiny frog (Lair:5)
  A polar bear (Lair:6)
  3 dream sheep
  A chaos spawn (Gauntlet)
  2 yaks (Lair:5)
  2 acid dragons
  A swamp drake (Lair:6)
14 creatures vanquished.

Vanquished Creatures (others)
  2 humans (Lair:6)
  9 bushes (D:14)
  A demonic plant (Gauntlet)
  8 fungi
  10 plants
  2 spectral weapons
32 creatures vanquished.

Grand Total: 778 creatures vanquished

Notes
Turn   | Place    | Note
-------+----------+-------------------------------------------
     0 | D:1      | Esekla the Spriggan Artificer began the quest for the Orb.
     0 | D:1      | Reached XP level 1. HP: 9/9 MP: 4/4
   273 | D:1      | Reached XP level 2. HP: 12/14 MP: 6/6
   291 | D:1      | Reached skill level 4 in Dodging
  1138 | D:2      | Found a white marble altar of Elyvilon.
  1143 | D:2      | Reached XP level 3. HP: 17/17 MP: 7/7
  1586 | D:2      | Reached XP level 4. HP: 6/21 MP: 4/8
  1725 | D:2      | Reached skill level 1 in Spellcasting
  2051 | D:2      | Learned a level 4 spell: Dispel Undead
  3144 | D:2      | Reached XP level 5. HP: 17/25 MP: 5/9
  3590 | D:3      | Reached skill level 1 in Throwing
  3590 | D:3      | Reached skill level 5 in Dodging
  4381 | D:3      | Found a stormy altar of Qazlal.
  4736 | D:3      | Reached skill level 1 in Necromancy
  4779 | D:3      | Found an iron altar of Okawaru.
  4827 | D:3      | Reached XP level 6. HP: 29/29 MP: 10/10
  5300 | D:5      | Entered Level 5 of the Dungeon
  5379 | D:5      | Noticed an ice beast
  5419 | D:4      | Reached skill level 5 in Short Blades
  5419 | D:4      | Reached skill level 6 in Dodging
  5419 | D:4      | Reached XP level 7. HP: 32/32 MP: 11/11
  5442 | D:4      | Noticed Menkaure
  5490 | D:5      | Found Qigad's Assorted Antiques.
  5495 | D:5      | Bought an onyx ring for 100 gold pieces
  5536 | D:5      | Found a staircase to the Ecumenical Temple.
  5609 | D:4      | Noticed Grinder
  5674 | D:4      | Found a sacrificial altar of Ru.
  5674 | D:4      | Found a blossoming altar of Fedhas.
  5675 | D:4      | Found a hide-covered altar of Uskayaw.
  5734 | D:4      | Reached skill level 7 in Dodging
  5777 | D:5      | Found a sand-covered staircase.
  5790 | Ossuary  | Entered an ossuary
  6028 | Ossuary  | Reached XP level 8. HP: 36/37 MP: 14/14
  6176 | Ossuary  | Learned a level 2 spell: Sublimation of Blood
  6517 | Temple   | Entered the Ecumenical Temple
  6812 | D:5      | Reached skill level 8 in Dodging
  7455 | D:4      | Found a burning altar of Makhleb.
  7457 | D:4      | Found a shimmering altar of Xom.
  7472 | D:4      | Killed Grinder
  7602 | D:6      | Reached skill level 5 in Spellcasting
  7687 | D:6      | Reached XP level 9. HP: 39/39 MP: 17/17
  7711 | D:6      | Found a bloodstained altar of Trog.
  7907 | D:6      | Found a basalt altar of Yredelemnul.
  8052 | D:6      | Found a sparkling altar of Nemelex Xobeh.
  8462 | D:7      | Found an opulent altar of Gozag.
  8922 | D:7      | Noticed Harold
  8982 | D:7      | Killed Harold
  8982 | D:7      | Reached skill level 9 in Dodging
  8982 | D:7      | Reached skill level 5 in Necromancy
  9419 | D:8      | Reached XP level 10. HP: 41/44 MP: 6/22
  9632 | D:8      | Reached skill level 1 in Fighting
 10491 | D:9      | Found a staircase to the Orcish Mines.
 10494 | D:9      | Noticed Psyche
 10516 | D:9      | Killed Psyche
 10791 | D:9      | Reached skill level 10 in Short Blades
 10791 | D:9      | Reached skill level 5 in Stealth
 10848 | D:9      | Found a shimmering blue altar of Sif Muna.
 10918 | D:9      | Noticed Joseph
 10981 | D:9      | Killed Joseph
 12331 | Orc:1    | Entered Level 1 of the Orcish Mines
 12395 | Orc:1    | Noticed an orc sorcerer
 12579 | Orc:1    | Noticed a smoke demon
 12580 | Orc:1    | Killed an orc sorcerer
 12617 | Orc:1    | Noticed an orc warlord
 12943 | D:8      | Reached skill level 10 in Dodging
 13150 | Orc:1    | Killed an orc warlord
 13150 | Orc:1    | Reached XP level 11. HP: 50/50 MP: 25/25
 13361 | Orc:1    | Noticed an ogre mage
 13397 | Orc:1    | Learned a level 1 spell: Apportation
 13560 | Orc:1    | Killed an ogre mage
 14072 | D:10     | Entered Level 10 of the Dungeon
 14259 | D:10     | Reached skill level 1 in Translocations
 14715 | D:10     | Found a staircase to the Lair.
 15309 | Lair:1   | Entered Level 1 of the Lair of Beasts
 15609 | Lair:1   | Reached skill level 11 in Dodging
 15618 | Lair:1   | Reached skill level 10 in Spellcasting
 15720 | Lair:1   | Noticed a seven-headed hydra
 16492 | D:11     | Noticed a cyan ugly thing
 16508 | D:11     | Killed a cyan ugly thing
 16650 | D:11     | Noticed a brown ugly thing
 16744 | D:11     | Killed a brown ugly thing
 17158 | D:11     | Noticed Snorg
 17181 | D:11     | Killed Snorg
 17181 | D:11     | Reached XP level 12. HP: 28/54 MP: 15/27
 17792 | D:12     | Reached skill level 1 in Armour
 17934 | D:7      | Became a worshipper of Gozag Ym Sagoz the Greedy
 18248 | Orc:2    | Entered Level 2 of the Orcish Mines
 18859 | Orc:2    | Found a staircase to the Elven Halls.
 19874 | Orc:2    | Reached skill level 12 in Dodging
 20022 | Orc:2    | Noticed an orc high priest
 20041 | Orc:2    | Killed an orc high priest
 20391 | Orc:2    | Noticed an orc high priest
 20816 | Orc:2    | Noticed an orc high priest
 20842 | Orc:2    | Killed an orc high priest
 20948 | Orc:2    | Noticed an orc high priest
 20977 | Orc:2    | Noticed an orc high priest
 20998 | Orc:2    | Killed an orc high priest
 20998 | Orc:2    | Reached XP level 13. HP: 39/61 MP: 17/29
 21124 | Orc:2    | Reached skill level 13 in Dodging
 21137 | Orc:2    | Found Ovoickall's Antique Armour Emporium.
 21137 | Orc:2    | Found Muunan's Book Emporium.
 21138 | Orc:2    | Found Gatil's Antique Armour Emporium.
 21138 | Orc:2    | Found Legag's Weapon Shoppe.
 21158 | Orc:2    | Bought a shiny buckler for 270 gold pieces
 21166 | Orc:2    | Bought an embroidered robe for 125 gold pieces
 21196 | Orc:2    | Bought a book of Battle for 480 gold pieces
 21196 | Orc:2    | Bought a Young Poisoner's Handbook for 480 gold pieces
 21196 | Orc:2    | Bought a book of Flames for 420 gold pieces
 21199 | Orc:2    | Learned a level 2 spell: Shroud of Golubria
 21203 | Orc:2    | Learned a level 3 spell: Ozocubu's Armour
 21206 | Orc:2    | Learned a level 2 spell: Poisonous Vapours
 21210 | Orc:2    | Learned a level 3 spell: Mephitic Cloud
 21214 | Orc:2    | Learned a level 3 spell: Spectral Weapon
 21219 | Orc:2    | Learned a level 4 spell: Sticky Flame
 21224 | Orc:2    | Learned a level 4 spell: Olgreb's Toxic Radiance
 21228 | Orc:2    | Learned a level 3 spell: Conjure Flame
 21373 | D:9      | Reached skill level 1 in Hexes
 22168 | Lair:1   | Reached skill level 1 in Charms
 22365 | Lair:2   | Noticed Nergalle
 22368 | Lair:2   | Killed Nergalle
 22376 | Lair:2   | Reached skill level 1 in Fire Magic
 22602 | Lair:2   | Reached skill level 1 in Air Magic
 22612 | Lair:2   | Reached skill level 1 in Shields
 22629 | Lair:2   | Reached skill level 1 in Poison Magic
 23051 | Lair:2   | Reached skill level 1 in Conjurations
 23079 | Lair:2   | Noticed Gastronok
 23149 | Lair:2   | Noticed Urug
 23156 | Lair:2   | Killed Urug
 23233 | Lair:2   | Found a staircase to the Swamp.
 23536 | Lair:2   | Killed Gastronok
 23536 | Lair:2   | Reached skill level 1 in Ice Magic
 23957 | Lair:3   | Found a hole to the Spider Nest.
 24705 | Lair:4   | Identified 2 scrolls of acquirement
 24705 | Lair:4   | Identified Sif Muna's Almanac of the Birds and
                  | Translocation (You acquired it on level 4 of the Lair of
                  | Beasts)
 24712 | Lair:4   | Learned a level 4 spell: Summon Lightning Spire
 24944 | Lair:4   | Reached skill level 1 in Long Blades
 25590 | Lair:4   | Gained mutation: You have a pair of small antennae on your
                  | head. [potion of mutation]
 25590 | Lair:4   | Gained mutation: You have large cloven feet. [potion of
                  | mutation]
 26287 | Lair:4   | Reached XP level 14. HP: 53/66 MP: 22/30
 26737 | D:12     | Identified the +2 hat of Pungeura {rCorr} (You acquired it
                  | on level 12 of the Dungeon)
 27005 | D:12     | Found Yngerch's Distillery.
 27046 | D:12     | Lost mutation: You have large cloven feet. [potion of
                  | mutation]
 27046 | D:12     | Gained mutation: You passively map a small area around you.
                  | [potion of mutation]
 27046 | D:12     | Gained mutation: You are partially covered in large bone
                  | plates. (SH +4) [potion of mutation]
 27046 | D:12     | Gained mutation: Your mind is acute. (Int +2) [potion of
                  | mutation]
 27046 | D:12     | Gained mutation: You have sharp toenails. [potion of
                  | mutation]
 27452 | D:13     | Reached skill level 1 in Summonings
 27610 | D:13     | Found a gate to the Vaults.
 27773 | D:13     | Learned a level 2 spell: Song of Slaying
 28459 | D:14     | Found a gate leading to a gauntlet.
 28524 | Gauntlet | Entered a Gauntlet
 28524 | Gauntlet | Found a transporter.
 28658 | Gauntlet | Found a transporter.
 28672 | Gauntlet | Found a transporter.
 28674 | Gauntlet | Found a transporter.
 28678 | Gauntlet | Found a runed translucent door.
 28678 | Gauntlet | Found a runed translucent door.
 28688 | Gauntlet | Found a transporter.
 28690 | Gauntlet | Found a transporter.
 28702 | Gauntlet | Found a transporter.
 28719 | Gauntlet | Noticed an entropy weaver
 28722 | Gauntlet | Found a transporter.
 28732 | Gauntlet | Found a transporter.
 28742 | Gauntlet | Found a transporter.
 28759 | Gauntlet | Found a transporter.
 28771 | Gauntlet | Found a transporter.
 28811 | Gauntlet | Found a transporter.
 28814 | Gauntlet | Found a transporter.
 29189 | Gauntlet | Got a warped emerald amulet
 29190 | Gauntlet | Identified the amulet of Mistrust {Inacc rF++ Str+4} (You
                  | found it in a Gauntlet)
 29353 | Gauntlet | Got a wavering golden amulet
 29373 | Gauntlet | Killed an entropy weaver
 29385 | Gauntlet | Identified the amulet "Jelukuv" {Reflect +Blink rF+ Int-4
                  | SH+2} (You found it in a Gauntlet)
 29499 | Gauntlet | Identified the +6 war axe of the Unseen Realm {pain, rElec}
 29499 | Gauntlet | Identified the +9 scale mail of Beogh's Whim {rCorr Stlth+}
 29515 | Gauntlet | Identified the Compendium of Entrancing Toxins
 29874 | D:14     | Found Taikec's Jewellery Boutique.
 29951 | D:14     | Reached skill level 14 in Dodging
 31084 | D:15     | Entered Level 15 of the Dungeon
 31773 | D:15     | Reached skill level 5 in Armour
 32132 | D:15     | Reached XP level 15. HP: 62/70 MP: 19/32
 32214 | D:15     | Found a staircase to the Depths.
 32317 | D:15     | Found a portal to a secret trove of treasure.
 33105 | Lair:5   | Found a viscous altar of Jiyva.
 33105 | Lair:5   | Found a staircase to the Slime Pits.
 33926 | Lair:6   | Entered Level 6 of the Lair of Beasts
 34031 | Lair:6   | Noticed Kirke
 34291 | Lair:5   | Killed Kirke
 35224 | Lair:6   | Reached skill level 5 in Long Blades
 35465 | Lair:6   | Identified Fateav's Reference Book on Enchanting
                  | Self-Improvement
 36177 | D:1      | Bought a clouded glass ring for 160 gold pieces
 36179 | D:1      | Identified the ring "Zeir Zuh" {+Blink Str+3} (You bought
                  | it in a shop on level 1 of the Dungeon)
 36182 | D:1      | Bought a scroll of acquirement for 936 gold pieces
 36249 | D:4      | Killed Menkaure
 36486 | Swamp:1  | Entered Level 1 of the Swamp
 36657 | Swamp:1  | Slain by a shambling mangrove

Levels and vault maps discovered:
D:1:      lemuel_arrival_hallway, layout_loops_cross,
          minmay_misc_feat_diagonals, kennysheep_flooded_box,
          minmay_misc_feat_square, minmay_misc_feat_enclosed,
          minmay_misc_feat_doors
D:2:      layout_loops_ring, overflow_temple_1_default, first_ration
D:3:      layout_rooms, lemuel_round_altar, grunt_qazlal_clouds
D:4:      layout_cave_pools, grunt_temple_overflow_champion_of_chaos,
          gammafunk_temple_overflow_forgotten, uniq_menkaure, uniq_grinder
D:5:      layout_basic, minmay_temple_entry_wispy, serial_shops,
          nicolae_shop_statue_plus, enter_ossuary_4
D:6:      layout_rooms, lemuel_round_altar, marbit_many_paths, bloody_trog
D:7:      layout_basic, grunt_gozag_statues, uniq_harold
D:8:      layout_gridville
D:9:      layout_irregular_city, led_sif_pool, orc_0_dummy, uniq_psyche,
          uniq_joseph
D:10:     layout_layer_cave, lair_entry_dummy, blue_anna_alchemist
          [blue_anna_fruit_fields, blue_anna_fruit_fields], kennysheep_nub
D:11:     layout_rooms, hangedman_abyss_or_decor_slice, uniq_snorg
D:12:     layout_roguey, serial_shops, shop, minmay_misc_feat_more_columns,
          chequers_serial_rivers_small_b
D:13:     layout_irregular_city, david_vaults_2, serial_rivers,
          chequers_serial_rivers_room_b, chequers_serial_rivers_marsh,
          chequers_serial_rivers_micro_e, chequers_serial_rivers_micro_e,
          chequers_serial_rivers_micro_c
D:14:     layout_layer_cave, serial_park_square2, serial_shops, shop_statue,
          gauntlet_entry_generic
D:15:     grunt_enter_depths_magical_seal, layout_irregular_city,
          nicolae_trove_entry_path_of_doom, hangedman_decor_peaks_small
Temple:   compressed_dpeg_circular_temple
Lair:1:   layout_regular_city
Lair:2:   layout_cave_pods, minmay_swamp_entry_worms, uniq_urug, uniq_gastronok,
          uniq_nergalle
Lair:3:   layout_regular_city, nicolae_spider_entry_non_spiders,
          serial_bayou_shore_b, grunt_megastairs_1
Lair:4:   onia_ninara_swampy_vault, layout_long_grid, beast_lair_carwin_8,
          minmay_lair_oklob_chamber, serial_bayou_shore_b
Lair:5:   layout_cave_pods, dpeg_slime_entry_enclosed_altar, grunt_megastairs_5
Lair:6:   guppyfry_lair_end_dragon, layout_misc_corridors,
          gammafunk_lair_bear_cave, uniq_kirke
Swamp:1:  layout_falls_marsh, portal_ice_cave_entry_ice_statue_one,
          evilmike_swamp_ruin_house_5, swamp_pool1, infiniplex_staircase_pool,
          uniq_roxanne
Orc:1:    layout_caves, mines4_lemuel
Orc:2:    st_orc_pillars, layout_caves

Skill      XL: |  1  2  3  4  5  6  7  8  9 10 11 12 13 14 15 |
---------------+----------------------------------------------+-----
Dodging        | 4 5 6 7 8 9 10 11 12 13 14 | 14.2
Short Blades   | 2 3 4 5 6 8 9 10 11 12 | 12.7
Spellcasting   | 1 2 3 5 7 9 10 11 12 13 | 13.1
Stealth        | 2 3 4 6 9 |  9.5
Throwing       | 1 2 3 |  3.1
Necromancy     | 1 2 3 5 6 7 8 |  8.1
Fighting       | 2 4 |  4.2
Translocations | 4 |  4.8
Armour         | 3 4 5 |  5.0
Hexes          | 2 |  2.6
Charms         | 2 3 |  3.0
Fire Magic     | 2 4 |  4.5
Air Magic      | 2 4 |  4.6
Shields        | 2 3 4 |  4.2
Poison Magic   | 2 4 |  4.8
Conjurations   | 2 3 4 |  4.3
Ice Magic      | 2 3 4 |  4.2
Long Blades    | 1 3 5 |  5.0
Summonings     | 2 3 |  3.4
Evocations     | |  4.3

Action                   |  1- 3 |  4- 6 |  7- 9 | 10-12 | 13-15 || total
-------------------------+-------+-------+-------+-------+-------++-------
Melee: Short sword       |   189 |   130 |       |       |       ||   319
       Dagger            |       |   110 |   460 |  1112 |   938 ||  2620
       Scimitar          |       |       |       |     4 |   552 ||   556
       Kick              |       |       |       |       |   352 ||   352
       Demon blade       |       |       |       |       |    71 ||    71
       Quick blade       |       |       |       |       |    41 ||    41
Throw: Dart              |    19 |    39 |    23 |   184 |    63 ||   328
       Boomerang         |       |       |    17 |    38 |    61 ||   116
 Cast: Dispel Undead     |       |       |    12 |    19 |     8 ||    39
       Conjure Flame     |       |       |       |       |    15 ||    15
       Ozocubu's Armour  |       |       |       |       |    36 ||    36
       Shroud of Golubri |       |       |       |       |     8 ||     8
       Poisonous Vapours |       |       |       |       |    48 ||    48
       Spectral Weapon   |       |       |       |       |     8 ||     8
       Summon Lightning  |       |       |       |       |    25 ||    25
       Mephitic Cloud    |       |       |       |       |    16 ||    16
       Apportation       |       |       |       |       |     8 ||     8
       Sticky Flame      |       |       |       |       |    28 ||    28
       Song of Slaying   |       |       |       |       |     2 ||     2
Invok: Call Merchant     |       |       |       |       |     4 ||     4
 Abil: Evoke Blink       |       |       |       |       |     2 ||     2
Evoke: Wand              |       |       |     3 |     6 |     1 ||    10
  Use: Scroll            |       |     8 |     7 |     8 |    19 ||    42
       Potion            |       |       |     3 |     6 |    12 ||    21
 Stab: Sleeping          |     5 |     1 |     3 |    29 |    45 ||    83
       Distracted        |     1 |       |     2 |     2 |    23 ||    28
       Confused          |       |       |       |       |     6 ||     6
       Invisible         |       |       |       |       |     1 ||     1
  Eat: Ration            |       |     2 |     3 |     7 |     9 ||    21
Armor: Robe              |    15 |    15 |    18 |    15 |       ||    63
       Troll leather arm |       |       |       |    16 |   144 ||   160
Dodge: Dodged            |   133 |   177 |   231 |   654 |  1106 ||  2301
Block: Buckler           |       |       |       |       |   812 ||   812
       Reflection        |       |       |       |       |     3 ||     3
       Rpst.: Scimitar   |       |       |       |     1 |   134 ||   135
       Demon blade       |       |       |       |       |    12 ||    12

Table legend:
 A = Non-vault XP
 B = Vault XP
 C = Vault XP percentage of total XP
 D = Non-vault monster count
 E = Vault monster count
 F = Vault count percentage of total count
                 A         B        C        D         E       F
            +---------+---------+-------+---------+---------+-------
      Total |   84085 |   50507 |  37.5 |     564 |     182 |  24.4
            +---------+---------+-------+---------+---------+-------
        D:1 |      32 |       0 |   0.0 |      22 |       0 |   0.0
        D:2 |     199 |       0 |   0.0 |      39 |       0 |   0.0
        D:3 |     181 |       0 |   0.0 |      22 |       0 |   0.0
        D:4 |     543 |     507 |  48.3 |      16 |       3 |  15.8
        D:5 |     933 |       2 |   0.2 |      16 |       2 |  11.1
        D:6 |     802 |      43 |   5.1 |      21 |       1 |   4.5
        D:7 |     858 |     970 |  53.1 |      33 |       1 |   2.9
        D:8 |    1407 |       0 |   0.0 |      25 |       0 |   0.0
        D:9 |    2418 |     827 |  25.5 |      25 |       2 |   7.4
       D:10 |    2561 |      97 |   3.6 |      15 |       1 |   6.2
       D:11 |    3927 |    1162 |  22.8 |      24 |       1 |   4.0
       D:12 |    4064 |       0 |   0.0 |      33 |       0 |   0.0
       D:13 |    6678 |     934 |  12.3 |      27 |       3 |  10.0
       D:14 |   11657 |       0 |   0.0 |      35 |       0 |   0.0
       D:15 |   11895 |    8019 |  40.3 |      42 |      12 |  22.2
     Lair:1 |    3830 |       0 |   0.0 |      15 |       0 |   0.0
     Lair:2 |    2882 |    4617 |  61.6 |      10 |       7 |  41.2
     Lair:3 |    2690 |    1307 |  32.7 |      18 |      10 |  35.7
     Lair:4 |    2978 |    6891 |  69.8 |      16 |      20 |  55.6
     Lair:5 |    8617 |    3049 |  26.1 |      30 |       5 |  14.3
     Lair:6 |    6571 |    4259 |  39.3 |      28 |      18 |  39.1
    Swamp:1 |    1862 |       0 |   0.0 |       5 |       0 |   0.0
      Orc:1 |    4742 |    1489 |  23.9 |      29 |       6 |  17.1
      Orc:2 |    1758 |   12137 |  87.3 |      18 |      64 |  78.0
    Ossuary |       0 |     281 | 100.0 |       0 |      16 | 100.0
   Gauntlet |       0 |    3916 | 100.0 |       0 |      10 | 100.0
            +---------+---------+-------+---------+---------+-------
